 Dungeon Crawl Stone Soup version 0.20.1-1-g8b1a95d (webtiles) character file.

271598 schauveau the Axe Maniac (level 19, -7/177 HPs)
             Began as a Minotaur Berserker on Dec 3, 2017.
             Was a High Priest of Trog.
             Killed from afar by a deep elf knight (23 damage)
             ... with a shard of ice
             ... on level 1 of the Vaults.
             The game lasted 02:00:56 (43234 turns).

schauveau the Axe Maniac (Minotaur Berserker)      Turns: 43234, Time: 02:00:56

Health: -7/177     AC: 30    Str: 28    XL:     19   Next: 45%
Magic:  18/18      EV: 17    Int:  4    God:    Trog [*****.]
Gold:   3164       SH:  0    Dex: 12    Spells: 18/18 levels left

rFire    + . .     SeeInvis .   j - +3 executioner's axe (elec)
rCold    . . .     Gourm    .   (shield currently unavailable)
rNeg     . . .     Faith    .   y - +1 plate armour {rF+}
rPois    +         Spirit   .   (helmet restricted)
rElec    .         Reflect  .   h - +2 cloak {rPois}
rCorr    .         Harm     .   T - +2 pair of gloves
MR       +....                  (no boots)
Stlth    ..........             K - amulet of regeneration
Regen    0.8/turn               E - +5 ring of evasion
MPRegen  0.2/turn               C - +4 ring of protection

@: no status effects
A: retaliatory headbutt, horns 2
}: 2/15 runes: decaying, gossamer
a: Berserk, Trog's Hand, Brothers in Arms, Burn Spellbooks, Renounce Religion


You were on level 1 of the Vaults.
You worshipped Trog.
Trog was extremely pleased with you.
You were not hungry.

You visited 6 branches of the dungeon, and saw 32 of its levels.
You visited the Abyss 1 time.
You visited 1 bazaar.
You also visited: Sewer, Bailey and Volcano.

You collected 3924 gold pieces.
You spent 760 gold pieces at shops.

Inventory:

Hand Weapons
 a - a +8 antimagic executioner's axe
 b - a +3 triple crossbow of freezing
 j - a +3 executioner's axe of electrocution (weapon)
 l - a +1 executioner's axe of venom
 w - a +1 battleaxe of flaming
 J - a +5 battleaxe of electrocution
Missiles
 d - 288 bolts
 x - 15 javelins of returning (quivered)
Armour
 h - a +2 cloak of poison resistance (worn)
 y - a +1 plate armour of fire resistance (worn)
 O - a +1 cloak of invisibility
 T - a +2 pair of gloves (worn)
Jewellery
 C - a +4 ring of protection (right hand)
 E - a +5 ring of evasion (left hand)
 I - an uncursed ring of ice
 K - an amulet of regeneration (around neck)
 Q - an uncursed ring of protection from cold
Wands
 f - a wand of paralysis (7/24)
 q - a wand of lightning (9/15)
 B - a wand of enslavement (5/24)
 H - a wand of digging (15/24)
 V - a wand of iceblast (8/15)
 Y - a wand of polymorph (19/24)
Scrolls
 g - 3 scrolls of identify
 i - 10 scrolls of teleportation
 k - 11 scrolls of remove curse
 t - 5 scrolls of recharging
 F - 4 scrolls of magic mapping
 L - 5 scrolls of fog
 N - 4 scrolls of enchant armour
Potions
 e - 8 potions of cancellation
 m - 7 potions of agility
 n - 5 potions of ambrosia
 o - 7 potions of haste
 p - 7 potions of might
 r - 4 potions of flight
 s - 12 potions of curing
 u - 3 potions of berserk rage
 A - 3 potions of heal wounds
 M - a potion of brilliance
 S - a potion of invisibility
Comestibles
 c - 23 bread rations
 D - 18 royal jellies
 G - 3 meat rations


   Skills:
 + Level 17.0 Fighting
 O Level 27 Axes
 + Level 11.6 Crossbows
 + Level 16.5 Armour
 + Level 7.6 Dodging


You had 18 spell levels left.
You didn't know any spells.

Dungeon Overview and Level Annotations

Branches:
Dungeon (15/15)            Temple (0/1) D:4            Lair (6/6) D:10
  Swamp (4/4) Lair:2       Spider (4/4) Lair:2        Slime (0/5) Lair:6
    Orc (2/2) D:9             Elf (0/3) Orc:2        Vaults (1/5) D:13
 Depths (0/5) D:15

Altars:
Dithmenos
Kikubaaqudgha
Okawaru
Qazlal
Ru
Sif Muna
Vehumet
Xom
The Shining One
Beogh

Shops:
D:15 %   Orc:2 [(!:

Annotations:
D:9 1 runed door, exclusion: door


Innate Abilities, Weirdness & Mutations

You reflexively headbutt those who attack you in melee.
You have a pair of horns on your head.


Message History

The deep elf mage casts a spell.
The deep elf mage blinks!
Things that are here:
a giant club x2
The deep elf knight gestures at you while chanting.
The shard of ice hits you!
* * * LOW HITPOINT WARNING * * *
There is an open door, spattered with blood here.
Items here: ))))))))) [ รท The terrible wounds on your body vanish.
The deep elf knight barely misses you. You furiously retaliate!
You headbutt the deep elf knight!
The deep elf knight gestures at you while chanting.
The shard of ice hits you!
* * * LOW HITPOINT WARNING * * *
There is a gate leading back out of this place here.
You escape the reach of the grasping roots.
The deep elf knight points at you and mumbles some strange words.
The shard of ice hits you!
You die...

+........#
#.....e..#
#.....T..#
#...T....#
#........#
#....)zf.#
######)###
#.).e#
##..@#
#+###


You could see a deep troll, a deep elf demonologist, a deep elf knight, a deep
troll shaman and a wight.

Vanquished Creatures
  Nikola (Swamp:1)
  A bone dragon (Abyss:3)
  Rupert (D:14)
  2 tentacled starspawn (Abyss:3)
  5 thorn hunters
  Donald (Spider:1)
  2 ghost moths (Spider:4)
  8 emperor scorpions
  An ironheart preserver (Vaults:1)
  Azrael (Orc:2)
  The ghost of ceb the Quickloader, a journeyman DsHu of Qazlal (Volcano)
  Snorg (D:13)
  A fire dragon (Lair:6)
  Josephine (Orc:2)
  24 hydras
  A vault guard (D:13)
  A ghost crab (Abyss:3)
  16 alligators
  3 centaur warriors
  Erica (D:9)
  14 two-headed ogres
  A deep troll earth mage (Vaults:1)
  3 catoblepae
  A tengu warrior (D:15)
  The ghost of soepske the Blocker, a novice FoFi of Qazlal (D:10)
  9 death yaks
  An ogre mage (Vaults:1)
  16 spriggans
  A hell knight (Volcano)
  A fire crab (Abyss:3)
  The ghost of HighpriestofRu the Nimble, a journeyman FeVM of Ru (Orc:2)
  A spatial maelstrom (Abyss:3)
  2 unseen horrors (D:13)
  A deep troll (Vaults:1)
  18 swamp dragons
  A lindwurm (shapeshifter) (D:15)
  2 starcursed masses (Abyss:3)
  A wizard (D:13)
  3 shambling mangroves (Swamp:3)
  2 orc knights
  2 lindwurms (Lair:6)
  6 spriggan druids
  15 orb spiders
  2 necromancers (D:13)
  Pikel (D:4)
  12 ugly things
  A wolf spider zombie (D:14)
  A salamander (D:15)
  28 wolf spiders
  5 manticores
  A shining eye (Lair:6)
  2 oklob plants (Swamp:3)
  2 orc sorcerers
  A deep elf mage (D:12)
  A cyclops (D:11)
  2 moths of wrath
  A worldbinder (Abyss:3)
  Maurice (D:8)
  10 black mambas
  3 centaur zombies
  6 torpor snails
  2 guardian serpents
  3 gargoyles
  21 spiny frogs
  3 rime drakes
  11 komodo dragons
  A freezing wraith (D:15)
  7 demonic crawlers
  3 tengu conjurers
  A polar bear (Lair:6)
  28 hornets
  4 trolls
  A troll (shapeshifter) (D:14)
  4 tyrant leeches
  10 blink frogs
  11 bog bodies
  34 slime creatures
  26 jumping spiders
  12 hippogriffs
  Sigmund (D:2)
  54 redbacks
  An air elemental (Abyss:3)
  34 tarantellas
  A centaur simulacrum (D:15)
  2 shadows
  6 wraiths
  A tarantella (shapeshifter) (D:15)
  4 basilisks
  13 wyverns
  A large abomination (Abyss:3)
  3 hogs (Swamp:4)
  4 fire elementals (Orc:1)
  3 fire bats (Lair:1)
  48 yaks
  9 humans (D:13)
  A hungry ghost (D:12)
  A small abomination (Abyss:3)
  Menkaure (D:5)
  A neqoxec (Abyss:3)
  18 wargs
  23 vampire mosquitoes
  6 insubstantial wisps (Swamp:3)
  25 swamp worms
  Duvessa (D:4)
  A hell hound (Orc:1)
  12 swamp drakes
  23 water moccasins
  45 orc warriors
  8 porcupines
  3 ice beasts
  4 sky beasts
  3 black bears
  A necrophage (D:10)
  A phantom (D:7)
  8 ogres
  4 wolves (Lair:6)
  The ghost of broninjaking the Insei, an amateur DsGl (D:5)
  25 crocodiles
  23 centaurs
  23 bullfrogs
  2 big kobolds
  Dowan (D:4)
  5 scorpions
  A wyvern skeleton (D:10)
  A killer bee (Orc:1)
  2 electric eels
  17 wights
  4 howler monkeys
  5 crimson imps
  3 quasits
  5 bullfrog zombies
  8 hounds
  9 jellies
  A bullfrog skeleton (D:7)
  19 orc priests
  6 centaur skeletons
  28 orc wizards
  Jessica (D:2)
  A hell rat (Lair:3)
  12 iguanas
  9 worker ants
  A killer bee zombie (D:8)
  A hound zombie (D:9)
  A hound skeleton (D:4)
  2 worker ant zombies
  8 gnolls (D:6)
  A howler monkey skeleton (D:8)
  17 adders
  5 river rats (Lair:3)
  3 shadow imps
  An ooze (D:4)
  An adder zombie (D:8)
  An adder skeleton (D:4)
  4 worms
  A dart slug (D:1)
  10 leopard geckos
  159 orcs
  4 ball pythons
  9 giant cockroaches
  10 goblins
  7 hobgoblins
  25 jackals
  8 quokkas
  6 bats
  24 frilled lizards
  A goblin skeleton (D:9)
  A goblin zombie (D:9)
  4 hobgoblin zombies (D:9)
  25 kobolds
  2 kobold skeletons (D:9)
  4 kobold zombies (D:9)
  An orc zombie (D:9)
  A quokka zombie (D:10)
  20 rats
  9 briar patches (Swamp:4)
  2 bushes (Lair:6)
  8 fungi
  17 plants
  4 starspawn tentacles (Abyss:3)
1433 creatures vanquished.

Vanquished Creatures (collateral kills)
  the Lernaean hydra (Swamp:4)
  Saint Roka (Orc:2)
  Kirke (Swamp:4)
  2 orc warlords
  An emperor scorpion (Spider:4)
  2 hydras
  An orc high priest (Orc:2)
  A death yak (Lair:6)
  2 swamp dragons (Swamp:4)
  A necromancer (D:13)
  2 orb spiders (Spider:4)
  A black mamba (Lair:6)
  3 torpor snails
  A spiny frog (Lair:6)
  A yaktaur (D:13)
  2 hornets
  2 blink frogs (Lair:6)
  4 tyrant leeches
  4 dream sheep (Lair:5)
  A bog body (Swamp:4)
  A hippogriff (D:13)
  A redback (Spider:4)
  2 wyverns (Lair:6)
  A hog (Swamp:4)
  7 humans (D:13)
  4 vampire mosquitoes
  4 orc warriors (Orc:2)
  A swamp drake (Swamp:4)
  2 orc priests (Orc:2)
  6 orc wizards (Orc:2)
  15 orcs
  2 plants (Lair:6)
80 creatures vanquished.

Vanquished Creatures (others)
  A tentacled monstrosity (Abyss:3)
  A hydra (Swamp:4)
  A jumping spider (Spider:2)
  A hornet (Swamp:4)
  A spriggan (Swamp:4)
  A warg (Orc:2)
  An orc warrior (Orc:2)
  A swamp drake (Swamp:4)
  A sky beast (D:14)
  An orc wizard (Orc:2)
  4 briar patches (Swamp:3)
  A bush (D:10)
  38 fungi
  A lurking horror (Abyss:3)
  45 plants
  3 starspawn tentacles (Abyss:3)
  5 tentacles (Abyss:3)
107 creatures vanquished.

Grand Total: 1620 creatures vanquished

Notes
Turn   | Place    | Note
-------+----------+-------------------------------------------
     0 | D:1      | schauveau the Minotaur Berserker began the quest for the Orb.
     0 | D:1      | Reached XP level 1. HP: 19/19 MP: 0/0
   166 | D:1      | Reached XP level 2. HP: 25/27 MP: 1/1
   275 | D:1      | Reached skill level 4 in Axes
   811 | D:1      | Reached XP level 3. HP: 31/33 MP: 2/2
   836 | D:2      | Noticed Jessica
   849 | D:2      | Killed Jessica
   950 | D:2      | Noticed Sigmund
   964 | D:2      | Killed Sigmund
   964 | D:2      | Reached skill level 5 in Axes
   964 | D:2      | Reached XP level 4. HP: 41/41 MP: 3/3
   964 | D:2      | Reached XP level 5. HP: 47/47 MP: 4/4
  1018 | D:2      | Reached skill level 5 in Fighting
  1354 | D:2      | Reached ** piety under Trog
  1389 | D:2      | Reached XP level 6. HP: 54/56 MP: 5/5
  1605 | D:2      | Reached skill level 6 in Axes
  1728 | D:2      | Found a faded altar of an unknown god.
  1947 | D:3      | Found a stormy altar of Qazlal.
  2684 | D:4      | Found a glowing drain.
  2706 | D:4      | Noticed Duvessa
  2708 | D:4      | Noticed Dowan
  2725 | D:4      | Killed Duvessa
  2725 | D:4      | Reached XP level 7. HP: 38/61 MP: 6/6
  2745 | D:4      | Killed Dowan
  2745 | D:4      | Reached skill level 7 in Axes
  2765 | Sewer    | Entered a sewer
  2896 | Sewer    | Reached *** piety under Trog
  3803 | D:4      | Noticed Pikel
  3826 | D:4      | Killed Pikel
  3826 | D:4      | Reached skill level 8 in Axes
  3826 | D:4      | Reached skill level 5 in Armour
  3826 | D:4      | Reached skill level 5 in Dodging
  3826 | D:4      | Reached XP level 8. HP: 45/70 MP: 7/7
  3855 | D:5      | Entered Level 5 of the Dungeon
  3909 | D:4      | Found a staircase to the Ecumenical Temple.
  4049 | D:4      | Reached skill level 9 in Axes
  4570 | D:5      | Noticed broninjaking's ghost (amateur DsGl)
  4589 | D:5      | Killed broninjaking's ghost
  4640 | D:5      | Noticed Menkaure
  4649 | D:5      | Killed Menkaure
  4649 | D:5      | Reached skill level 10 in Axes
  4732 | D:5      | Reached **** piety under Trog
  4824 | D:5      | Found a shadowy altar of Dithmenos.
  4910 | D:5      | Reached skill level 11 in Axes
  5072 | D:6      | Reached XP level 9. HP: 55/75 MP: 8/8
  5088 | D:6      | Found a sacrificial altar of Ru.
  5427 | D:6      | Reached skill level 12 in Axes
  6102 | D:7      | Found a glowing golden altar of the Shining One.
  6213 | D:7      | Found a deep blue altar of Sif Muna.
  6223 | D:7      | Found an ancient bone altar of Kikubaaqudgha.
  6255 | D:7      | Identified Kikubaaqudgha's Grimoire of Black Secrets
  6266 | D:7      | Found a radiant altar of Vehumet.
  6327 | D:7      | Reached skill level 13 in Axes
  6789 | D:7      | Reached ***** piety under Trog
  6789 | D:7      | Reached skill level 14 in Axes
  6812 | D:7      | Reached XP level 10. HP: 33/83 MP: 9/9
  7236 | D:7      | Reached skill level 15 in Axes
  8031 | D:7      | Noticed an orc knight
  8046 | D:7      | Killed an orc knight
  8082 | D:7      | Noticed an orc warlord
  8092 | D:7      | Killed an orc warlord
  8092 | D:7      | Reached skill level 16 in Axes
  8802 | D:8      | Noticed a cyan ugly thing
  8813 | D:8      | Killed a cyan ugly thing
  8813 | D:8      | Reached skill level 17 in Axes
  8878 | D:8      | Noticed a two-headed ogre
  8881 | D:8      | Killed a two-headed ogre
  8881 | D:8      | Reached XP level 11. HP: 69/89 MP: 10/10
  9253 | D:8      | Noticed a two-headed ogre
  9264 | D:8      | Killed a two-headed ogre
  9670 | D:8      | Noticed Maurice
  9688 | D:8      | Killed Maurice
  9688 | D:8      | Reached skill level 18 in Axes
 10340 | D:9      | Received a gift from Trog
 10390 | D:9      | Found a staircase to the Orcish Mines.
 10410 | D:9      | Noticed Erica
 10419 | D:9      | Killed Erica
 10565 | D:9      | Found a glowing golden altar of the Shining One.
 10961 | D:9      | Found a runed door.
 10961 | D:9      | Noticed a deep troll
 10961 | D:9      | Noticed a glowing orange brain
 10961 | D:9      | Noticed a fire giant
 10963 | D:9      | Noticed a deep troll earth mage
 10963 | D:9      | Noticed a fire dragon
 11114 | D:10     | Entered Level 10 of the Dungeon
 11161 | D:10     | Noticed soepske's ghost (novice FoFi)
 11174 | D:10     | Reached skill level 19 in Axes
 11204 | D:10     | Killed soepske's ghost
 11553 | D:10     | Found a staircase to the Lair.
 11713 | D:10     | Got a brightly glowing lead ring
 11781 | D:10     | Lost intelligence.
 11781 | D:10     | Identified the ring "Larhoafa" {Str+6 Int-4 Dex+3 Stlth-} (You found it on level 10 of the Dungeon)
 11962 | D:10     | Reached ****** piety under Trog
 12216 | D:10     | Found an iron altar of Okawaru.
 12237 | D:10     | Received a gift from Trog
 12621 | D:10     | Reached XP level 12. HP: 97/97 MP: 3/11
 12631 | D:11     | Noticed a two-headed ogre
 12635 | D:11     | Killed a two-headed ogre
 12781 | D:11     | Identified a scroll of acquirement
 12782 | D:11     | Got a dazzling hat
 12788 | D:11     | Identified the +1 hat "Arievor" {Dex+5 Slay-4} (You acquired it on level 11 of the Dungeon)
 12805 | D:11     | Noticed a two-headed ogre
 12807 | D:11     | Killed a two-headed ogre
 12822 | D:11     | Reached skill level 20 in Axes
 13133 | D:11     | Noticed a six-headed hydra
 13145 | D:11     | Killed a five-headed hydra
 13156 | D:11     | Noticed a two-headed ogre
 13172 | D:11     | Killed a two-headed ogre
 13518 | D:11     | Noticed a two-headed ogre
 13518 | D:11     | Noticed a two-headed ogre
 13518 | D:11     | Noticed a two-headed ogre
 13524 | D:11     | Killed a two-headed ogre
 13528 | D:11     | Killed a two-headed ogre
 13531 | D:11     | Killed a two-headed ogre
 13731 | D:12     | Received a gift from Trog
 13765 | D:12     | Found a flickering gateway to a bazaar.
 13780 | Bazaar   | Entered a bazaar
 13806 | Bazaar   | Found Poggiuhe's Book Shoppe.
 13840 | Bazaar   | Found Boph's Gadget Shoppe.
 13840 | Bazaar   | Found Visalosm's Book Emporium.
 14670 | D:13     | Noticed Snorg
 14684 | D:13     | Killed Snorg
 14684 | D:13     | Reached skill level 21 in Axes
 14684 | D:13     | Reached XP level 13. HP: 74/111 MP: 4/12
 15205 | D:13     | Reached skill level 10 in Fighting
 15813 | D:14     | Reached skill level 10 in Armour
 15969 | D:14     | Noticed Rupert
 15972 | D:14     | Paralysed by Rupert for 3 turns
 15983 | D:14     | Killed Rupert
 16290 | D:14     | Received a gift from Trog
 16340 | D:14     | Reached skill level 22 in Axes
 16542 | Lair:1   | Entered Level 1 of the Lair of Beasts
 16699 | Lair:1   | Found a dark tunnel.
 16708 | Volcano  | Entered a volcano
 16755 | Volcano  | Found a radiant altar of Vehumet.
 16772 | Volcano  | Reached XP level 14. HP: 77/124 MP: 4/13
 16777 | Volcano  | Noticed ceb's ghost (journeyman DsHu)
 16798 | Volcano  | Killed ceb's ghost
 17461 | Lair:2   | Found a staircase to the Swamp.
 17686 | Lair:2   | Found a hole to the Spider Nest.
 18858 | Lair:3   | Received a gift from Trog
 20358 | Lair:5   | Found a shimmering altar of Xom.
 20541 | Lair:6   | Entered Level 6 of the Lair of Beasts
 20541 | Lair:6   | Found a staircase to the Slime Pits.
 20682 | Lair:5   | Reached skill level 23 in Axes
 21663 | Lair:6   | Received a gift from Trog
 21949 | Lair:6   | Reached XP level 15. HP: 80/134 MP: 14/14
 22968 | Lair:6   | Found a runed door.
 23687 | Lair:6   | Reached skill level 24 in Axes
 23767 | Lair:6   | Received a gift from Trog
 23952 | Orc:1    | Entered Level 1 of the Orcish Mines
 23954 | Orc:1    | Found a roughly hewn altar of Beogh.
 24028 | Orc:1    | Found a flagged portal.
 24057 | Bailey   | Entered a bailey
 24272 | Bailey   | Reached skill level 1 in Crossbows
 24778 | Orc:1    | Reached XP level 16. HP: 145/145 MP: 5/15
 25140 | Orc:2    | Entered Level 2 of the Orcish Mines
 25177 | Orc:2    | Noticed Josephine
 25190 | Orc:2    | Noticed Azrael
 25207 | Orc:1    | Received a gift from Trog
 25583 | Orc:2    | Killed Azrael
 25586 | Orc:2    | Killed Josephine
 25775 | Orc:2    | Noticed HighpriestofRu's ghost (journeyman FeVM)
 25801 | Orc:2    | Killed HighpriestofRu's ghost
 25929 | Orc:2    | Found a roughly hewn altar of Beogh.
 25930 | Orc:2    | Found Riymauw's Book Shoppe.
 25990 | Orc:2    | Found a roughly hewn altar of Beogh.
 26074 | Orc:2    | Found a roughly hewn altar of Beogh.
 26259 | Orc:2    | Found a roughly hewn altar of Beogh.
 26260 | Orc:2    | Found Ahat's Distillery.
 26260 | Orc:2    | Received a gift from Trog
 26296 | Orc:2    | Bought a potion of heal wounds for 75 gold pieces
 26296 | Orc:2    | Bought a potion of haste for 150 gold pieces
 26296 | Orc:2    | Bought a potion of haste for 150 gold pieces
 26296 | Orc:2    | Bought a potion of invisibility for 120 gold pieces
 26296 | Orc:2    | Bought a potion of heal wounds for 75 gold pieces
 26339 | Orc:2    | Found a staircase to the Elven Halls.
 26579 | Orc:2    | Found a roughly hewn altar of Beogh.
 26757 | Orc:2    | Noticed Saint Roka
 26774 | Orc:2    | Killed Saint Roka
 27117 | Orc:2    | Found Arasevepni's Antique Armour Shop.
 27118 | Orc:2    | Found a roughly hewn altar of Beogh.
 27121 | Orc:2    | Found Lotev's Antique Weapon Boutique.
 27133 | Orc:2    | Bought a pair of ancient gloves for 190 gold pieces
 27143 | Orc:2    | Identified the cursed +0 pair of gloves of Fevolita {Int-2 Dex+2 Stlth+} (You bought it in a shop on level 2 of the Orcish Mines)
 27289 | Swamp:1  | Entered Level 1 of the Swamp
 27779 | Swamp:1  | Noticed Nikola
 28238 | Swamp:1  | Reached XP level 17. HP: 123/154 MP: 5/16
 28416 | Swamp:1  | Killed Nikola
 29178 | Swamp:2  | Received a gift from Trog
 30159 | Swamp:3  | Reached skill level 15 in Fighting
 30676 | Swamp:3  | Received a gift from Trog
 31374 | Swamp:3  | Reached skill level 15 in Armour
 31659 | Swamp:4  | Entered Level 4 of the Swamp
 32206 | Swamp:3  | Paralysed by a hornet for 3 turns
 32529 | Swamp:4  | Reached skill level 25 in Axes
 32802 | Swamp:4  | Noticed the 27-headed Lernaean hydra
 33420 | Swamp:3  | Reached skill level 10 in Crossbows
 33954 | Swamp:4  | Killed the 25-headed Lernaean hydra
 33954 | Swamp:4  | Reached XP level 18. HP: 31/166 MP: 17/17
 33959 | Swamp:4  | Noticed Kirke
 33979 | Swamp:4  | Killed Kirke
 34488 | Swamp:4  | Received a gift from Trog
 35792 | Swamp:4  | Got a decaying rune of Zot
 36210 | Spider:1 | Entered Level 1 of the Spider Nest
 36296 | Spider:1 | Noticed Donald
 36307 | Spider:1 | Killed Donald
 36389 | Spider:1 | Received a gift from Trog
 37203 | Spider:1 | Received a gift from Trog
 38090 | Spider:2 | You fall through a shaft!
 38105 | Spider:4 | Entered Level 4 of the Spider Nest
 38551 | Spider:2 | Reached skill level 26 in Axes
 39798 | Spider:4 | Received a gift from Trog
 41001 | Spider:4 | Reached skill level 27 in Axes
 41142 | Spider:4 | Received a gift from Trog
 41142 | Spider:4 | Reached XP level 19. HP: 116/173 MP: 6/18
 41463 | Spider:4 | Got a gossamer rune of Zot
 41785 | D:15     | Entered Level 15 of the Dungeon
 41826 | D:15     | Found Otuocetz's Food Emporium.
 42268 | D:15     | Found a staircase to the Depths.
 42759 | D:13     | Received a gift from Trog
 42835 | D:13     | Found a gate to the Vaults.
 42865 | Vaults:1 | Entered Level 1 of the Vaults
 43011 | Vaults:1 | Noticed a Brimstone Fiend
 43035 | Vaults:1 | Cast into level 3 of the Abyss (a deep elf sorcerer)
 43195 | Abyss:3  | Noticed a bone dragon
 43216 | Abyss:3  | Killed a bone dragon
 43224 | Vaults:1 | Escaped the Abyss
 43234 | Vaults:1 | Killed from afar by a deep elf knight

Skill      XL: |  1  2  3  4  5  6  7  8  9 10 11 12 13 14 15 16 17 18 19 |
---------------+----------------------------------------------------------+-----
Fighting       | 4 5 6 9 11 12 13 14 15 16 17 | 17.0
Axes           | 4 5 6 8 11 14 17 19 21 22 23 24 25 27 | 27.0
Armour         | 3 4 5 8 10 12 13 14 15 16 | 16.5
Dodging        | 3 4 5 7 |  7.6
Crossbows      | 6 7 10 11 | 11.6

Action                   |  1- 3 |  4- 6 |  7- 9 | 10-12 | 13-15 | 16-18 | 19-21 || total
-------------------------+-------+-------+-------+-------+-------+-------+-------++-------
Melee: Hand axe          |    58 |   154 |   280 |       |       |       |       ||   492
       Headbutt          |     6 |    25 |    77 |   131 |   188 |   302 |    67 ||   796
       Battleaxe         |       |       |   112 |   279 |   231 |   427 |       ||  1049
       Executioner's axe |       |       |       |   371 |   633 |   905 |   245 ||  2154
       Scimitar          |       |       |       |     5 |     7 |       |       ||    12
 Fire: Arbalest          |       |       |       |       |     1 |       |       ||     1
Throw: Javelin           |       |       |       |     3 |     6 |       |       ||     9
Invok: Berserk           |     1 |     1 |       |     1 |     1 |     3 |       ||     7
       Burn Spellbooks   |       |       |     1 |     3 |     4 |     1 |     1 ||    10
       Brothers in Arms  |       |       |       |     1 |     4 |    14 |     3 ||    22
       Trog's Hand       |       |       |       |       |       |       |     1 ||     1
  Use: Scroll            |       |       |    16 |    12 |    15 |    12 |     6 ||    61
       Potion            |       |       |     1 |     2 |     4 |     7 |     2 ||    16
 Stab: Distracted        |       |       |       |       |       |     2 |       ||     2
       Confused          |       |       |       |       |       |     1 |       ||     1
  Eat: Chunk             |       |     8 |     9 |    13 |    18 |     4 |     1 ||    53
       Meat ration       |       |       |     1 |     3 |     2 |    10 |     1 ||    17
       Fruit             |       |       |       |       |     7 |     1 |     3 ||    11
       Royal jelly       |       |       |       |       |     1 |     1 |       ||     2
       Bread ration      |       |       |       |       |     1 |       |       ||     1
Armor: Chain mail        |    24 |    86 |   144 |    21 |       |       |       ||   275
       Animal skin       |     2 |       |       |       |       |       |       ||     2
       Plate armour      |       |       |       |   310 |   587 |  1058 |   160 ||  2115
Dodge: Dodged            |    23 |    61 |   254 |   470 |   736 |  1105 |   191 ||  2840
       Rpst.: Scimitar   |       |       |       |       |     2 |       |       ||     2
